 Dungeon Crawl Stone Soup version 0.30-a0-534-gdc55766716 (webtiles) character file.

Game seed: 18365067102827894552

2504 Jase the Stinger (level 9, -9/81 HPs)
             Began as a Naga Venom Mage on Dec 24, 2022.
             Was a Believer of Cheibriados.
             Mangled by a cyclops (11 damage)
             ... on level 7 of the Dungeon on Dec 25, 2022.
             The game lasted 00:43:19 (8444 turns).

Jase the Stinger (Naga Venom Mage)                  Turns: 8444, Time: 00:43:20

Health: -9/81      AC:  2    Str: 16    XL:     9   Next: 53%
Magic:  11/21      EV: 19    Int: 24    God:    Cheibriados [**....]
Gold:   385        SH:  0    Dex: 22    Spells: 2/12 levels left

rFire   . . .      SeeInvis +      - Unarmed
rCold   . . .      Faith    .    (shield currently unavailable)
rNeg    . . .      Spirit   .    (body armour currently unavailable)
rPois   x          Reflect  .    (helmet currently unavailable)
rElec   .          Harm     .    (cloak currently unavailable)
rCorr   +          Rampage  .    (gloves currently unavailable)
Will    +....                    (no barding)
Stlth   ++++                     (no amulet)
HPRegen 0.33/turn                D - ring of magical power
MPRegen 0.17/turn                o - ring of resist corrosion

@: spider-form, very slow
A: venomous fangs, AC +3, tiny, see invisible, (deformed body), (poison
resistance), (slowness 2), spit poison 1, (naga tail 1)
a: Spit Poison, End Transformation, Renounce Religion, Bend Time


You were on level 7 of the Dungeon.
You worshipped Cheibriados.
Cheibriados was pleased with you.
You were a venomous arachnid creature.
You visited 2 branches of the dungeon, and saw 8 of its levels.

You collected 385 gold pieces.

Inventory:

Hand Weapons
 c - a +0 dagger
Missiles
 e - 87 stones (quivered)
 y - 4 boomerangs
 F - 15 poisoned darts
 G - a throwing net
Armour
 n - the +1 leather armour of Haqyhy Aros (melded) {rElec Will+}
   (You found it on level 2 of the Dungeon)

   rElec:     It insulates you from electricity.
   Will:      It increases your willpower.
 u - a +0 helmet (melded)
Jewellery
 o - a ring of resist corrosion (right front leg)
 q - a ring of magical power
 D - a ring of magical power (left front leg)
Wands
 x - a wand of roots (5)
 B - a wand of light (10)
Scrolls
 a - 7 scrolls of identify {unknown}
 d - 2 scrolls of amnesia {unknown}
 g - 3 scrolls of fear {unknown}
 l - 4 scrolls of teleportation {unknown}
 m - 3 scrolls of fog {unknown}
 r - a scroll of silence {unknown}
 s - a scroll of enchant armour {unknown}
 w - 2 scrolls of noise {unknown}
 E - 3 scrolls of enchant weapon {unknown}
Potions
 b - a potion of magic
 f - 3 potions of attraction
 h - a potion of brilliance
 i - 2 potions of heal wounds {unknown}
 j - 2 potions of degeneration {unknown}
 k - 5 potions of curing {unknown}
 p - a potion of ambrosia {unknown}
 t - 2 potions of cancellation {unknown}
 v - 3 potions of mutation {unknown}
 z - a potion of berserk rage {unknown}
 A - 2 potions of lignification {unknown}
 C - a potion of haste {unknown}


   Skills:
 + Level 5.0 Fighting
 - Level 1.5 Dodging
 - Level 6.0 Stealth
 + Level 4.4 Unarmed Combat
 + Level 2.0 Spellcasting
 - Level 4.0 Conjurations
 + Level 4.8 Transmutations
 - Level 4.0 Air Magic
 + Level 7.9 Poison Magic
 + Level 3.3 Invocations


You had 2 spell levels left.
You knew the following spells:

 Your Spells              Type           Power      Damage    Failure   Level
a - Sting                 Tmut/Pois      100%       1d8       4%          1
b - Poisonous Vapours     Pois/Air       62%        N/A       7%          2
c - Mephitic Cloud        Conj/Pois/Air  27%        N/A       13%         3
d - Beastly Appendage     Tmut           50%        N/A       7%          1
e - Spider Form           Tmut/Pois      33%        N/A       10%         3

Your spell library contained the following spells:

 Spells                   Type           Power      Damage    Failure   Level
 Wereblood                Tmut           25%        N/A       10%         2
 Summon Small Mammal      Summ           8%         N/A       28%         1
 Olgreb's Toxic Radiance  Pois           40%        N/A       14%         4
 Airstrike                Air            10%        2d(2-18)  43%         4
 Call Canine Familiar     Summ           2%         N/A       56%         3
 Summon Guardian Golem    Hex/Summ       2%         N/A       56%         3
 Summon Lightning Spire   Summ/Air       12%        N/A       67%         4
 Lightning Bolt           Conj/Air       10%        1d23      75%         5


Dungeon Overview and Level Annotations

Branches:
Dungeon (7/15)             Temple (1/1) D:5

Altars:
Ashenzari
Cheibriados
Dithmenos
Elyvilon
Fedhas
Gozag
Qazlal
Sif Muna
Trog
Uskayaw
Vehumet
Wu Jian
Yredelemnul
The Shining One
Lugonu

Annotations:
D:3 1 runed translucent door, Crazy Yiuf


Innate Abilities, Weirdness & Mutations

You are a venomous arachnid creature.
You have poisonous fangs.
You are tiny and dextrous.
Your spellcasting is less reliable in this form.
Your armour is entirely melded.
You are incapable of wielding weapons or throwing items.
((Your serpentine skin is tough. (AC +3)))
You have supernaturally acute eyesight. (SInv)
((Armour fits poorly on your strangely shaped body.))
((Your system is resistant to poisons. (rPois)))
((You cover ground very slowly.))
You can spit poison.
((You have a snake-like lower body.))


Message History

You start resting.
Your horns disappear.
Your +0 helmet unmelds from your body.
Your attacks no longer feel as feeble.
You start resting.
You have got your breath back.
You start resting.
A cyclops comes into view.
Casting: Sting (safe; 1% risk of failure)
Confirm with . or Enter, or press ? or * to list all spells.
Aiming: Poisonous Vapours (safe; 1% risk of failure)
Press: ? - help, Dir - move target, f - cyclops
Aim: a cyclops, quivering large rocks (wandering, hasn't noticed you) Poisonous vapours surround the cyclops!
The cyclops is poisoned.
The cyclops shouts!
You start resting.
A cyclops is nearby!
Casting: Poisonous Vapours (safe; 1% risk of failure)
Confirm with . or Enter, or press ? or * to list all spells.
You turn into a venomous arachnid creature.
Your +0 helmet melds into your body.
The +1 leather armour of Haqyhy Aros {rElec Will+} melds into your body.
You hit the cyclops.
The cyclops looks even sicker.
The cyclops is moderately wounded.
You hit the cyclops.
The cyclops looks as sick as possible!
The cyclops is moderately wounded.
The cyclops hits you!!
You hit the cyclops.
The cyclops looks as sick as possible!
The cyclops is heavily wounded.
The cyclops completely misses you.
You hit the cyclops.
The cyclops looks as sick as possible!
The cyclops is heavily wounded.
You hit the cyclops but do no damage.
The cyclops looks as sick as possible!
The cyclops is severely wounded.
The cyclops hits you!!
* * * LOW HITPOINT WARNING * * *
You hit the cyclops but do no damage.
The cyclops looks as sick as possible!
The cyclops is severely wounded.
The cyclops hits you!
You die...

..))...#... ....###.#.# #
###).### .. .. #.#.# # ##)## .
#.#.# # ##..# #.#.# # #..##
#.#.### ..####### #.#....
........############## #.#.###
........#............## #.#...#
........#.#.....s.....# #.#...#
########....###C###....####......
..........##...).# .........###
#........##)#####C# .........#
#.########. #.########..# #. #.#
#..# # .# #..# . .... l #..#


You could see a cyclops (extremely poisoned).

Vanquished Creatures
  Duvessa (D:6)
  2 black bears
  3 ogres
  2 centaurs (D:6)
  4 bullfrogs
  3 kobold brigands (D:6)
  A necrophage (D:5)
  A gnoll sergeant (D:7)
  4 scorpions
  Dowan (D:6)
  A howler monkey (D:5)
  4 hounds
  A gnoll bouda (D:7)
  A jelly (D:5)
  3 iguanas
  An orc priest (D:4)
  Jessica (D:3)
  Natasha (thrice) (D:4)
  6 orc wizards
  Robin (D:3)
  10 gnolls
  11 adders
  A white imp (D:6)
  A worm (D:2)
  A dart slug (D:5)
  20 orcs
  8 endoplasms
  5 giant cockroaches
  16 goblins
  8 hobgoblins
  3 jackals (D:4)
  18 kobolds
  4 quokkas
  2 ball pythons
  4 frilled lizards
  5 rats
161 creatures vanquished.

Vanquished Creatures (others)
  7 plants (D:6)
7 creatures vanquished.

Grand Total: 168 creatures vanquished

Notes
Turn   | Place    | Note
-------+----------+-------------------------------------------
     0 | D:1      | Jase the Naga Venom Mage began the quest for the Orb.
     0 | D:1      | Reached XP level 1. HP: 15/15 MP: 3/3
   180 | D:1      | Reached XP level 2. HP: 24/24 MP: 3/5
   632 | D:1      | Reached skill level 1 in Fighting
   889 | D:2      | Noticed a scorpion
   892 | D:2      | Killed a scorpion
   893 | D:2      | Reached XP level 3. HP: 32/32 MP: 4/6
   893 | D:2      | Reached XP level 4. HP: 39/39 MP: 4/7
   943 | D:2      | Learned a level 2 spell: Poisonous Vapours
  1151 | D:2      | Identified the +1 leather armour of Haqyhy Aros {rElec
                  | Will+}
  1617 | D:2      | Learned a level 3 spell: Mephitic Cloud
  1883 | D:3      | Noticed Jessica
  1887 | D:3      | Killed Jessica
  1888 | D:3      | Reached skill level 5 in Poison Magic
  1888 | D:3      | Reached XP level 5. HP: 45/45 MP: 3/8
  2049 | D:3      | Reached skill level 1 in Unarmed Combat
  2488 | D:3      | Reached skill level 5 in Stealth
  2602 | D:3      | Found a bloodstained altar of Trog.
  2769 | D:3      | Found a broken altar of Ashenzari.
  2781 | D:3      | Noticed Robin
  2785 | D:3      | Killed Robin
  2786 | D:3      | Reached XP level 6. HP: 55/55 MP: 9/9
  2858 | D:3      | Saw a vision of the Shoals and the Spider Nest.
  2858 | D:3      | Noticed an entropy weaver
  2858 | D:3      | Noticed a broodmother
  2858 | D:3      | Noticed a redback
  2858 | D:3      | Noticed a manticore
  2858 | D:3      | Noticed a jumping spider
  2858 | D:3      | Noticed a water nymph
  2858 | D:3      | Noticed a wolf spider
  2858 | D:3      | Noticed a broodmother
  2858 | D:3      | Noticed a merfolk siren
  2858 | D:3      | Noticed an orb spider
  2858 | D:3      | Noticed a sea snake
  2858 | D:3      | Noticed a snapping turtle
  2858 | D:3      | Noticed a culicivora
  2858 | D:3      | Noticed a manticore
  2858 | D:3      | Noticed a pharaoh ant
  2858 | D:3      | Noticed a merfolk siren
  2858 | D:3      | Noticed a demonic crawler
  2858 | D:3      | Noticed a merfolk siren
  2858 | D:3      | Noticed a wind drake
  2858 | D:3      | Noticed a merfolk
  2858 | D:3      | Noticed a wolf spider
  2858 | D:3      | Noticed a redback
  2859 | D:3      | Noticed a demonic crawler
  2860 | D:3      | Noticed a redback
  2862 | D:3      | Noticed a radroach
  2888 | D:3      | Found a runed translucent door.
  2889 | D:3      | Noticed Crazy Yiuf
  3239 | D:4      | Reached skill level 1 in Air Magic
  3407 | D:4      | Noticed Natasha
  3411 | D:4      | Killed Natasha
  3412 | D:4      | Reached skill level 1 in Conjurations
  3412 | D:4      | Reached XP level 7. HP: 57/61 MP: 10/10
  3448 | D:4      | Noticed Natasha
  3456 | D:4      | Killed Natasha
  3732 | D:4      | Reached skill level 6 in Poison Magic
  3797 | D:4      | Identified the +6 dagger of Indomitability {venom, rElec
                  | Int-5 Dex+4}
  3832 | D:4      | Noticed Natasha
  3840 | D:4      | Killed Natasha
  4435 | D:5      | Entered Level 5 of the Dungeon
  4469 | D:4      | Learned a level 1 spell: Beastly Appendage
  4596 | D:5      | Found a hide-covered altar of Uskayaw.
  4786 | D:5      | Reached XP level 8. HP: 70/70 MP: 11/11
  5205 | D:5      | Found a staircase to the Ecumenical Temple.
  5214 | Temple   | Entered the Ecumenical Temple
  5298 | D:5      | Identified the +1 helmet "Yssogo" {rElec rF- Dex+3}
  5535 | D:5      | Found a snail-covered altar of Cheibriados.
  5538 | D:5      | Became a worshipper of Cheibriados the Contemplative
  6115 | D:6      | Learned a level 3 spell: Spider Form
  6128 | D:6      | Reached skill level 1 in Invocations
  6453 | D:6      | Reached skill level 7 in Poison Magic
  6500 | D:6      | Found a radiant altar of Vehumet.
  6524 | D:6      | Reached * piety under Cheibriados
  6561 | D:6      | Noticed Dowan
  6562 | D:6      | Noticed Duvessa
  6570 | D:6      | Killed Dowan
  6577 | D:6      | Killed Duvessa
  6788 | D:6      | Found an opulent altar of Gozag.
  6824 | D:6      | Reached XP level 9. HP: 60/79 MP: 12/12
  7500 | D:6      | Found an ornate altar of the Wu Jian Council.
  7860 | D:7      | Reached ** piety under Cheibriados
  8078 | D:7      | HP: 4/80 [black bear (4)]
  8088 | D:7      | HP: 1/80 [gnoll/+0 whip[a gnoll sergeant] (6)]
  8413 | D:7      | Reached skill level 5 in Fighting
  8432 | D:7      | Noticed a cyclops
  8443 | D:7      | HP: 1/81 [cyclops (31)]
  8444 | D:7      | Mangled by a cyclops

Illustrated notes

Levels and vault maps discovered:
D:1:      minmay_arrival_four_houses, layout_loops_ring
D:2:      layout_loops_cross
D:3:      layout_rooms, grunt_ashenzari_visionary
          [grunt_ashenzari_visionary_shoals, grunt_ashenzari_visionary_spider],
          bloody_trog, kennysheep_generic_room_9, uniq_jessica,
          uniq_crazy_yiuf_cottage, uniq_robin
D:4:      layout_basic, nicolae_titane, uniq_natasha
D:5:      layout_layer_cave, kennysheep_mini_moat,
          eat_drink_and_be_merry_uskayaw, minmay_temple_entry_antechambers
D:6:      layout_loops_ring, lemuel_doored_altar, old_standard_altar,
          grunt_gozag_statues, minmay_curled_crystal, lexackson_kobold_supper,
          uniq_duvessa
D:7:      minmay_the_grid_octo_tiled_squarecenter
          [minmay_the_grid_octo_checkerflower, minmay_the_grid_octo_chip,
          minmay_the_grid_octo_fat_diamond, minmay_the_grid_octo_concentric,
          minmay_the_grid_square_5x5_megaprize_diamond,
          minmay_the_grid_square_5x5_c, minmay_the_grid_square_5x5_two_walls_b,
          minmay_the_grid_square_5x5_gyroscope,
          minmay_the_grid_square_5x5_inset], layout_basic
Temple:   corrupted_temple

Skill      XL: |  1  2  3  4  5  6  7  8  9 |
---------------+----------------------------+-----
Fighting       | 1 2 3 4 5 |  5.0
Stealth        | 4 5 6 |  6.0
Transmutations | 2 3 4 |  4.8
Poison Magic   | 5 6 7 |  7.9
Unarmed Combat | 1 2 3 4 |  4.4
Air Magic      | 1 2 3 4 |  4.0
Conjurations   | 1 2 3 4 |  4.0
Invocations    | 2 3 |  3.3
Dodging        | |  1.5
Spellcasting   | |  2.0

Action                   |  1- 3 |  4- 6 |  7- 9 || total
-------------------------+-------+-------+-------++-------
Melee: Unarmed           |     4 |     8 |   142 ||   154
       Headbutt          |       |       |    19 ||    19
       Punch             |       |       |     3 ||     3
Throw: Stone             |     1 |       |       ||     1
 Cast: Sting             |    15 |    95 |   111 ||   221
       Poisonous Vapours |       |    24 |    41 ||    65
       Beastly Appendage |       |       |    14 ||    14
       Spider Form       |       |       |     4 ||     4
       Mephitic Cloud    |       |       |     1 ||     1
 Abil: Spit Poison       |    17 |    46 |    49 ||   112
Evoke: Wand              |       |       |     1 ||     1
  Use: Potion            |       |       |     1 ||     1
 Stab: Sleeping          |       |     1 |     6 ||     7
Armor: Leather armour    |       |    10 |    58 ||    68
Dodge: Dodged            |     2 |    25 |   106 ||   133

Table legend: (Time is in decaauts)
 A = Elapsed time spent in this place.
 B = Non-inter-level travel time spent in this place.
 C = Inter-level travel time spent in this place.
 D = Time resting spent in this place.
 E = Time spent auto-exploring this place.
 F = Levels seen in this place.
 G = Mean time per level.
                   A        B        C        D        E       F      G
               +--------+--------+--------+--------+--------+-----+--------+
         Total |  10793 |  10386 |    407 |   2933 |   6018 |   8 | 1349.1 |
       Dungeon |  10722 |  10315 |    407 |   2933 |   5974 |   7 | 1531.7 |
        Temple |     70 |     70 |      0 |      0 |     43 |   1 |   70.0 |
               +--------+--------+--------+--------+--------+-----+--------+

Top non-repeatable levels by time:
     D:6: 2331 daAuts
     D:5: 2236 daAuts
     D:4: 1778 daAuts
     D:3: 1279 daAuts
     D:2: 1243 daAuts
     D:1: 1098 daAuts
     D:7: 755 daAuts
  Temple: 70 daAuts
